 Dungeon Crawl Stone Soup version 0.31.0-11-ge490571c62 (webtiles) character file.

Game seed: 10503243182402463637

214 Ashen the Sneak (level 5, -1/38 HPs)
             Began as a Gnoll Enchanter on Feb 3, 2024.
             Slain by an orc
             ... wielding a +0 morningstar
              (8 damage)
             ... on level 4 of the Dungeon.
             The game lasted 00:06:31 (2828 turns).

Ashen the Sneak (Gnoll Enchanter)                   Turns: 2828, Time: 00:06:32

Health: -1/38      AC:  3    Str:  7    XL:     5   Next: 91%
Magic:  5/12       EV: 13    Int: 14    God:
Gold:   244        SH:  4    Dex: 15    Spells: 3/14 levels left

rFire   . . .        a - +1 dagger
rCold   . . .        p - +0 buckler
rNeg    . . .        b - +0 robe
rPois   .            (no helmet)
rElec   .            i - +0 cloak
rCorr   .            (no gloves)
SInv    .            (no boots)
Will    .....        (no amulet)
Stlth   +++          (no ring)
HPRegen 0.26/turn    (no ring)
MPRegen 0.13/turn

%: no passive effects
@: invisible
A: fangs 1, strong nose, distributed training
a: no special abilities


You were on level 4 of the Dungeon.
You visited 1 branch of the dungeon, and saw 4 of its levels.

You collected 244 gold pieces.

Inventory:

Hand Weapons
 a - a +1 dagger (weapon)
 o - a +1 short sword of electrocution
Armour
 b - a +0 robe (worn)
 i - a +0 cloak (worn)
 p - a +0 buckler (worn)
Scrolls
 d - a scroll of brand weapon {unknown}
 e - 2 scrolls of identify {unknown}
 g - a scroll of enchant armour {unknown}
 h - a scroll of blinking {unknown}
 j - a scroll of fog {unknown}
 k - a scroll of amnesia {unknown}
 l - 2 scrolls of teleportation {unknown}
 q - a scroll of vulnerability {unknown}
Potions
 c - a potion of invisibility
 f - 3 potions of curing {unknown}
 m - a potion of brilliance {unknown}
 n - a potion of haste {unknown}


   Skills:
 + Level 1.8 Fighting
 + Level 3.1 Short Blades
 + Level 1.8 Long Blades
 + Level 1.8 Axes
 + Level 1.8 Maces & Flails
 + Level 1.8 Polearms
 + Level 1.8 Staves
 + Level 1.8 Ranged Weapons
 + Level 1.8 Throwing
 + Level 1.8 Armour
 + Level 4.9 Dodging
 + Level 6.2 Stealth
 + Level 1.8 Shields
 + Level 1.8 Unarmed Combat
 + Level 5.3 Spellcasting
 + Level 1.4 Conjurations
 + Level 5.6 Hexes
 + Level 1.4 Summonings
 + Level 1.4 Necromancy
 + Level 1.4 Translocations
 + Level 1.4 Fire Magic
 + Level 1.4 Ice Magic
 + Level 1.4 Air Magic
 + Level 1.4 Earth Magic
 + Level 1.4 Alchemy
 + Level 2.0 Invocations
 + Level 1.8 Evocations
 + Level 1.6 Shapeshifting


You had 3 spell levels left.
You knew the following spells:

 Your Spells              Type           Power      Damage    Failure   Level
a - Ensorcelled Hibernat  Hex/Ice        26%        N/A       10%         2
b - Confusing Touch       Hex            19%        N/A       9%          3
c - Tukima's Dance        Hex            19%        N/A       9%          3
d - Dazzling Flash        Conj/Hex       26%        N/A       19%         3

Your spell library contained the following spells:

 Spells                   Type           Power      Damage    Failure   Level
 Sandblast                Erth           14%        2d6       16%         1
 Sublimation of Blood     Necr           7%         N/A       24%         2
 Passwall                 Erth           7%         N/A       43%         3
 Stone Arrow              Conj/Erth      14%        3d7       43%         3
 Brom's Barrelling Bould  Conj/Erth      7%         2d3       83%         4
 Petrify                  Alch/Erth      7%         N/A       83%         4
 Irradiate                Conj/Alch      3%         3d12      99%         5
 Haunt                    Necr/Summ      3%         N/A       100%        7
 Borgnjor's Revivificati  Necr           3%         N/A       100%        8
 Death's Door             Necr           3%         N/A       100%        9


Dungeon Overview and Level Annotations

Branches:
Dungeon (4/15)
 Temple: D:4-7

Altars:
Gozag
Sif Muna


Innate Abilities, Weirdness & Mutations

You have very sharp teeth.
Your uncanny sense of smell can sniff out nearby items.
Your experience applies equally to all skills.


Message History

You block the orc's attack.
You barely miss the orc. The orc closely misses you. x2
Casting: Ensorcelled Hibernation (safe; 10% risk of failure)
Confirm with . or Enter, or press ? or * to list all spells.
Aiming: Ensorcelled Hibernation (safe; 10% risk of failure)
Press: ? - help, Shift-Dir - straight line, f/p - orc
Aim: an orc, wielding a +0 falchion (chance to affect: 64%)
The orc struggles to resist.
The orc hits you with a +0 morningstar. You block the orc's attack.
Casting: Ensorcelled Hibernation (safe; 10% risk of failure)
Confirm with . or Enter, or press ? or * to list all spells.
Aiming: Ensorcelled Hibernation (safe; 10% risk of failure)
Press: ? - help, Shift-Dir - straight line, f/p - orc
Aim: an orc, wielding a +0 falchion (chance to affect: 64%)
The orc looks drowsy...
The helpless orc fails to defend itself.
You impale the orc!!
You kill the orc!
The orc hits you with a +0 morningstar!
The orc priest hits you with a +0 hand axe.
Casting: Ensorcelled Hibernation (safe; 10% risk of failure)
Confirm with . or Enter, or press ? or * to list all spells.
Aiming: Ensorcelled Hibernation (safe; 10% risk of failure)
Press: ? - help, Shift-Dir - straight line, f - orc priest
Aim: an orc priest, wielding a +0 hand axe (chance to affect: 47%)
The orc priest resists with some effort.
The orc misses you.
The orc priest invokes the aid of Beogh against you.
Beogh smites you!
* * * LOW HITPOINT WARNING * * *
You fade into invisibility!
The orc barely misses you. The orc priest barely misses you.
You catch the helpless orc priest completely off-guard!
You puncture the orc priest!
You kill the orc priest!
The orc hits you but does no damage.
Your Invocations skill increases to level 2!
You barely miss the orc. The orc closely misses you.
You barely miss the orc. The orc hits you with a +0 morningstar!
You die...

#..................####...#
#<.......##############...#
#........# #.....#
##......(## #####.#####
###......# #.....#
#####..#######....##
#........#....#
#.......).....#
##.....o@.....#
#......).....#
####.........#.##
#..#.........#.##
#...............
###.#.........#.##
...................
∆####.#.........##..
#...........# .


You could see an orc (unable to see you).

Vanquished Creatures
  A phantom (D:4)
  An orc priest (D:4)
  Terence (D:2)
  An adder (D:2)
  A dart slug (D:1)
  2 ribbon worms (D:2)
  3 orcs
  4 ball pythons
  6 endoplasms
  2 giant cockroaches
  10 goblins
  7 hobgoblins
  4 jackals (D:3)
  3 kobolds
  3 quokkas
  7 bats
  2 frilled lizards
  5 rats
63 creatures vanquished.

Notes
Turn   | Place    | Note
-------+----------+-------------------------------------------
     0 | D:1      | Ashen the Gnoll Enchanter began the quest for the Orb.
     0 | D:1      | Reached XP level 1. HP: 13/13 MP: 6/6
   153 | D:1      | Reached XP level 2. HP: 17/19 MP: 7/7
   158 | D:1      | Learned a level 2 spell: Ensorcelled Hibernation
   602 | D:1      | Reached skill level 5 in Spellcasting
   602 | D:1      | Reached XP level 3. HP: 25/25 MP: 5/9
   777 | D:2      | Reached skill level 6 in Stealth
   903 | D:2      | Reached skill level 1 in Invocations
   913 | D:2      | Noticed Terence
  1073 | D:2      | Killed Terence
  1074 | D:2      | Reached skill level 1 in Fighting
  1074 | D:2      | Reached skill level 1 in Long Blades
  1074 | D:2      | Reached skill level 1 in Axes
  1074 | D:2      | Reached skill level 1 in Maces & Flails
  1074 | D:2      | Reached skill level 1 in Polearms
  1074 | D:2      | Reached skill level 1 in Staves
  1074 | D:2      | Reached skill level 1 in Ranged Weapons
  1074 | D:2      | Reached skill level 1 in Throwing
  1074 | D:2      | Reached skill level 1 in Armour
  1074 | D:2      | Reached skill level 1 in Shields
  1074 | D:2      | Reached skill level 1 in Unarmed Combat
  1074 | D:2      | Reached skill level 1 in Evocations
  1074 | D:2      | Reached skill level 1 in Shapeshifting
  1074 | D:2      | Reached XP level 4. HP: 22/32 MP: 3/11
  1229 | D:2      | Reached skill level 1 in Conjurations
  1229 | D:2      | Reached skill level 1 in Summonings
  1229 | D:2      | Reached skill level 1 in Necromancy
  1229 | D:2      | Reached skill level 1 in Translocations
  1229 | D:2      | Reached skill level 1 in Fire Magic
  1229 | D:2      | Reached skill level 1 in Ice Magic
  1229 | D:2      | Reached skill level 1 in Air Magic
  1229 | D:2      | Reached skill level 1 in Earth Magic
  1229 | D:2      | Reached skill level 1 in Alchemy
  1970 | D:3      | Found a shimmering blue altar of Sif Muna.
  2238 | D:3      | Found an opulent altar of Gozag.
  2475 | D:4      | Noticed a phantom
  2492 | D:4      | Killed a phantom
  2493 | D:4      | Reached XP level 5. HP: 14/37 MP: 12/12
  2497 | D:4      | Learned a level 3 spell: Confusing Touch
  2501 | D:4      | Learned a level 3 spell: Tukima's Dance
  2505 | D:4      | Learned a level 3 spell: Dazzling Flash
  2828 | D:4      | Slain by an orc

Illustrated notes

Levels and vault maps discovered:
D:1:      lemuel_arrival_room, layout_basic
D:2:      layout_rooms, wad_floor_pattern_untrapped, uniq_terence
D:3:      layout_basic, led_sif_pool, grunt_gozag_breadcrumbs,
          nicolae_twisty_statue_hallways
D:4:      layout_rooms, gammafunk_ghost_grave

Skill      XL: |  1  2  3  4  5 |
---------------+----------------+-----
Spellcasting   | 5 |  5.3
Stealth        | 6 |  6.2
Invocations    | 1 2 |  2.0
Fighting       | 1 |  1.8
Long Blades    | 1 |  1.8
Axes           | 1 |  1.8
Maces & Flails | 1 |  1.8
Polearms       | 1 |  1.8
Staves         | 1 |  1.8
Ranged Weapons | 1 |  1.8
Throwing       | 1 |  1.8
Armour         | 1 |  1.8
Shields        | 1 |  1.8
Unarmed Combat | 1 |  1.8
Evocations     | 1 |  1.8
Shapeshifting  | 1 |  1.6
Conjurations   | 1 |  1.4
Summonings     | 1 |  1.4
Necromancy     | 1 |  1.4
Translocations | 1 |  1.4
Fire Magic     | 1 |  1.4
Ice Magic      | 1 |  1.4
Air Magic      | 1 |  1.4
Earth Magic    | 1 |  1.4
Alchemy        | 1 |  1.4
Short Blades   | 3 |  3.1
Dodging        | |  4.9
Hexes          | |  5.6

Action                     |  1- 3 |  4- 6 || total
---------------------------+-------+-------++-------
  Melee: Dagger            |    66 |    69 ||   135
         Bite              |     3 |     5 ||     8
         Punch             |     1 |     2 ||     3
   Cast: Ensorcelled Hiber |    23 |    23 ||    46
    Use: Potion            |       |     2 ||     2
   Stab: Sleeping          |    19 |    24 ||    43
         Invisible         |       |     2 ||     2
 Armour: Robe              |    27 |    44 ||    71
  Dodge: Dodged            |    45 |    58 ||   103
  Block: Buckler           |       |     4 ||     4
